 Dungeon Crawl Stone Soup version 0.17-a0-1460-g8163d8a (webtiles) character file.

1631 Vlagh the Conjurer (level 8, -8/48 HPs)
             Began as a Deep Elf Conjurer on July 1, 2015.
             Was a Follower of Sif Muna.
             Mangled by zeke's ghost (18 damage)
             ... on level 6 of the Dungeon.
             The game lasted 00:48:59 (6533 turns).

Vlagh the Conjurer (Deep Elf Conjurer)              Turns: 6533, Time: 00:48:59

Health: -8/48      AC:  4    Str:  5    XL:     8   Next: 65%
Magic:  3/20       EV: 21    Int: 23    God:    Sif Muna [*.....]
Gold:   58         SH:  0    Dex: 20    Spells: 6 memorised, 2 levels left

rFire  . . .     SeeInvis .     e - +4 morningstar
rCold  . . .     Clarity  .     a - +1 robe
rNeg   + . .     SustAt   +     (no shield)
rPois  .         Gourm    .     (no helmet)
rElec  .         Spirit   .     j - +0 cloak
rCorr  .         Warding  +     (no gloves)
rMut   .         Stasis   .     (no boots)
MR     .....                    y - amulet of warding
Stlth  +++.......               (no ring)
                                x - ring of sustain attributes

@: agile, very slightly contaminated, not resistant to hostile enchantments,
fairly stealthy
A: no striking features
a: Channel Energy, Renounce Religion


You were on level 6 of the Dungeon.
You worshipped Sif Muna.
Sif Muna was aware of your devotion.
You were not hungry.

You visited 1 branch of the dungeon, and saw 6 of its levels.

You collected 303 gold pieces.
You spent 245 gold pieces at shops.

Inventory:

Hand weapons
 e - a +4 morningstar (weapon)
 g - a +0 trident of venom
 u - a +0 short sword of speed
 w - a +1 trident of venom
Missiles
 m - 4 silver javelins (quivered)
Armour
 a - a +1 robe (worn)
 j - a +0 cloak (worn)
 E - a +0 hat
Jewellery
 p - an uncursed amulet of resist corrosion
 x - a ring of sustain attributes (left hand)
 y - an amulet of warding (around neck)
Magical devices
 v - a wand of slowing (32)
Scrolls
 s - a scroll of fog
 t - a scroll of teleportation
 z - 2 scrolls of identify
 A - a scroll of remove curse
 B - a scroll of vulnerability
 C - a scroll of enchant armour
 D - a scroll of magic mapping
Potions
 k - a potion of poison {unknown}
 n - a potion of degeneration {unknown}
 o - a potion of experience {unknown}
Books
 b - a book of Conjurations

   Spells                             Type                      Level
   a - Magic Dart                     Conjuration                  1
   b - Searing Ray                    Conjuration                  2
   c - Dazzling Spray                 Conjuration/Hexes            3
   d - Fulminant Prism                Conjuration/Hexes            4
   e - Iskenderun's Mystic Blast      Conjuration                  4
   f - Iskenderun's Battlesphere      Conjuration/Charms           5
 h - a book of Death

   Spells                             Type                      Level
   a - Corpse Rot                     Necromancy                   2
   b - Sublimation of Blood           Necromancy                   2
   c - Agony                          Necromancy                   5
   d - Dispel Undead                  Necromancy                   5
   e - Excruciating Wounds            Charms/Necromancy            5
   f - Bolt of Draining               Conjuration/Necromancy       5
Comestibles
 c - 4 bread rations
 d - a beef jerky
 l - 2 fruits
 q - a meat ration
 r - a slice of pizza
 F - 6 chunks of flesh


   Skills:
 - Level 4.2 Fighting
 - Level 5.1 Dodging
 - Level 2.4 Stealth
 + Level 7.0 Spellcasting
 + Level 7.2 Conjurations
 - Level 2.7 Hexes
 * Level 5.1 Necromancy


You had 2 spell levels left.
You knew the following spells:

 Your Spells              Type           Power        Failure   Level  Hunger
a - Magic Dart            Conj           ####         1%          1    None
b - Searing Ray           Conj           #####.       1%          2    None
c - Dazzling Spray        Conj/Hex       ####....     3%          3    None
d - Iskenderun's Mystic   Conj           #####...     6%          4    ###....
e - Bolt of Draining      Conj/Necr      #####.....   21%         5    #####..
f - Fulminant Prism       Conj/Hex       ####......   12%         4    ###....


Dungeon Overview and Level Annotations

Branches:
Dungeon (6/15)
 Temple: D:4-7

Altars:
Cheibriados
Dithmenos
Elyvilon
Makhleb
Qazlal
Ru
Sif Muna

Shops:
D:5 ?

Annotations:
D:6 zeke's ghost, experienced MiFi


Message History

Use which ability? (? or * to list)
You fail to use your ability.
Zeke's ghost barely misses you.
Use which ability? (? or * to list)
You channel some magical energy.
You feel somewhat more hungry. Zeke's ghost misses you.
Casting: Magic Dart
Confirm with . or Enter, or press ? or * to list all spells.
Aiming: Fulminant Prism
Press: ? - help, Dir - move target cursor, p - zeke's ghost You miscast Fulminant Prism.
You are very lightly contaminated with residual magic.
Nothing appears to happen.
Zeke's ghost hits you but does no damage.
Casting: Fulminant Prism
Confirm with . or Enter, or press ? or * to list all spells.
You don't have enough magic to cast that spell.
Use which ability? (? or * to list)
You channel some magical energy.
You feel somewhat more hungry. Zeke's ghost hits you!!
You die...

.... ... #..## #.. ... ..#
####.... ...# #.# .. #
#.###....... #.## #.# .##
#####..........# #..####.####..#
...#...........# #...)##).##....
#.............# #..#........##
#............# ##..[#)...)...##
##............###...##..........
#..#......?....@....#.....##....
##.###..%......W.........#.##....
#..##............#.....#####.#...
#................##....# #.....
...................###... #......
.................... #...........
..............#...... ....#.....#
#............#....... (........#
#.......#....... ..........


You could see zeke's ghost.

Vanquished Creatures
  The ghost of Phlounder the Covert, an average OpAs (D:4)
  Sigmund (D:4)
  A sky beast (D:6)
  A phantom (D:5)
  An ogre (D:5)
  A water moccasin skeleton (D:6)
  2 crimson imps
  4 hounds
  A jelly (D:5)
  5 orc wizards
  An iguana (D:6)
  4 orc priests
  6 worker ants
  A hound skeleton (D:4)
  7 gnolls
  7 adders
  A shadow imp (D:6)
  2 oozes
  2 worms (D:2)
  8 giant geckos
  27 orcs
  A bat skeleton (D:6)
  7 giant cockroaches
  14 goblins
  6 hobgoblins
  7 jackals (D:4)
  10 kobolds
  A quokka (D:3)
  A ball python (D:4)
  17 bats
  4 giant newts
  A quokka skeleton (D:4)
  15 rats
168 creatures vanquished.

Vanquished Creatures (others)
  8 fulminant prisms
8 creatures vanquished.

Grand Total: 176 creatures vanquished

Notes
Turn   | Place    | Note
--------------------------------------------------------------
     0 | D:1      | Vlagh the Deep Elf Conjurer began the quest for the Orb.
     0 | D:1      | Reached XP level 1. HP: 10/10 MP: 6/6
   270 | D:1      | Reached XP level 2. HP: 15/15 MP: 0/8
   274 | D:1      | Learned a level 2 spell: Searing Ray
   414 | D:1      | Reached skill level 5 in Conjurations
   422 | D:1      | Reached XP level 3. HP: 19/19 MP: 0/10
   427 | D:1      | Learned a level 3 spell: Dazzling Spray
  1177 | D:2      | Reached XP level 4. HP: 24/24 MP: 3/12
  1183 | D:2      | Learned a level 4 spell: Iskenderun's Mystic Blast
  1224 | D:2      | Found a sacrificial altar of Ru.
  1528 | D:2      | Found a burning altar of Makhleb.
  1531 | D:2      | Reached skill level 1 in Fighting
  1618 | D:2      | Found a white marble altar of Elyvilon.
  1868 | D:3      | Reached XP level 5. HP: 29/29 MP: 10/13
  2261 | D:3      | Found a shadowy altar of Dithmenos.
  3021 | D:4      | Found a snail-covered altar of Cheibriados.
  3023 | D:4      | Reached XP level 6. HP: 36/36 MP: 11/14
  3269 | D:4      | Noticed Phlounder's ghost (average OpAs)
  3280 | D:4      | Killed Phlounder's ghost
  3569 | D:4      | Reached skill level 5 in Dodging
  3569 | D:4      | Reached XP level 7. HP: 42/42 MP: 7/15
  4173 | D:4      | Reached skill level 1 in Hexes
  4456 | D:4      | Noticed Sigmund
  4463 | D:4      | Killed Sigmund
  4463 | D:4      | Reached skill level 5 in Spellcasting
  4463 | D:4      | Reached skill level 6 in Conjurations
  4470 | D:4      | Learned a level 5 spell: Bolt of Draining
  4682 | D:4      | Found a deep blue altar of Sif Muna.
  4687 | D:4      | Became a worshipper of Sif Muna the Loreminder
  4952 | D:5      | Entered Level 5 of the Dungeon
  4978 | D:5      | Reached skill level 1 in Necromancy
  5116 | D:5      | Reached XP level 8. HP: 48/48 MP: 7/18
  5294 | D:5      | Found a stormy altar of Qazlal.
  5437 | D:5      | Learned a level 4 spell: Fulminant Prism
  5537 | D:5      | Acquired Sif Muna's first power
  5567 | D:5      | Found Miuniugi's Magic Scroll Emporium.
  5571 | D:5      | Bought a scroll of identify for 28 gold pieces
  5571 | D:5      | Bought a scroll of remove curse for 42 gold pieces
  5571 | D:5      | Bought a scroll of teleportation for 42 gold pieces
  5571 | D:5      | Bought a scroll of identify for 28 gold pieces
  5571 | D:5      | Bought a scroll of vulnerability for 105 gold pieces
  6098 | D:6      | Reached skill level 7 in Conjurations
  6329 | D:6      | Noticed zeke's ghost (experienced MiFi)
  6347 | D:6      | Reached skill level 5 in Necromancy
  6533 | D:6      | Mangled by zeke's ghost

Vault maps used:
D:1:      dpeg_arrival_signposts
D:2:      nicolae_overflow_crystal_walls, lemuel_round_altar,
          makhleb_heckhound_becter
D:3:      kennysheep_big_flooded_room, nicolae_dithmenos_through_a_glass_darkly
D:4:      overflow_temple_1_default, first_bread, minmay_misc_feat_rugged,
          kennysheep_another_room, cheibriados_altar_wand_db, uniq_sigmund
D:5:      nicolae_qazlal_eye_of_the_storm, serial_shops,
          nicolae_shop_behind_doors, grunt_ministairs_8
D:6:      xom_teletrap_fun, minmay_temple_entry_junction

Action                   |  1- 3 |  4- 6 |  7- 9 || total
-------------------------+-------+-------+-------++-------
Melee: Dagger            |     2 |     5 |       ||     7
       Morningstar       |       |     8 |     6 ||    14
 Cast: Magic Dart        |    64 |    79 |   105 ||   248
       Searing Ray       |     3 |    18 |    36 ||    57
       Dazzling Spray    |       |     1 |       ||     1
       Iskenderun's Myst |       |       |     3 ||     3
       Fulminant Prism   |       |       |     8 ||     8
Invok: Channel Energy    |       |       |    10 ||    10
  Use: Scroll            |     4 |     7 |     5 ||    16
       Potion            |       |       |     7 ||     7
  Eat: Chunk             |     1 |     7 |     8 ||    16
       Bread ration      |       |       |     1 ||     1
